[Event "RUS-chT Premier 2021"]
[White "Saveliev,Alexei"]
[Black "Sychev,Klementy"]
[WhiteTeam "СШОР"]
[BlackTeam "КПРФ"]
[Site "Sochi"]
[Round "1.6"]
[Annotator "ChessBase"]
[Result "0-1"]
[Date "2021.05.01"]
[WhiteElo "2358"]
[BlackElo "2572"]
[PlyCount "66"]
[TimeControl "60"]

1. e4 c5 2. Nf3 d6 3. d4 cxd4 4. Nxd4 Nf6 5. Nc3 a6 6. Be2 e5 7. Nb3 Be7 8. g4 h6 9. g5 hxg5 10. Bxg5 Nc6 11. Qd2 b5 12. a3 Be6 13. 0-0-0 b4 14. axb4 Nxb4 15. f4 Qc7 16. Kb1 Rb8 17. f5 Bd7 18. h4 a5 19. Bxf6 gxf6 20. Nd5 Nxd5 21. Qxd5 Bc6 22. Qc4 Qb6 23. Rhg1 a4 24. Rg7 Rf8 25. Bh5 axb3 26. Bxf7+ Kd8 27. cxb3 Rxf7 28. Rxf7 Bxe4+ 29. Qxe4 Qxb3 30. Rd2 Qxf7 31. Qg4 Ra8 32. h5 Qa2+ 33. Kc2 Ra4 0-1

[Event "RUS-chT Premier 2021"]
[White "Zakhartsov,Vladimir"]
[Black "Goryachkina,Aleksandra"]
[WhiteTeam "Школа М. Ботвинника"]
[BlackTeam "Гоголевский, 14"]
[Site "Sochi"]
[Round "1.14"]
[Annotator "ChessBase"]
[Result "1-0"]
[Date "2021.05.01"]
[WhiteElo "2486"]
[BlackElo "2593"]
[PlyCount "175"]
[TimeControl "60"]

1. d4 Nf6 2. c4 e6 3. Nc3 d5 4. cxd5 exd5 5. Bg5 c6 6. e3 h6 7. Bh4 Be7 8. Qc2 0-0 9. Bd3 Re8 10. Nge2 a5 11. 0-0 Na6 12. a3 Nc7 13. f3 Ne6 14. Rad1 b5 15. Bf5 Nf8 16. Bd3 Ne6 17. Kh1 Ba6 18. Nb1 Qb6 19. b4 Bb7 20. Be1 axb4 21. axb4 Ra4 22. Qb3 Rea8 23. Bc2 Qd8 24. Nc1 Bc8 25. Nd3 Ra2 26. Bc3 Bd6 27. Bb2 R2a7 28. Qc3 Qe7 29. Nd2 Nh5 30. f4 Nd8 31. Nc5 Bg4 32. Rde1 Qh4 33. Nf3 Bxf3 34. Rxf3 Nf6 35. Rh3 Qg4 36. Rg3 Qc8 37. Rf1 Ne6 38. Bf5 Qe8 39. Bb1 Re7 40. e4 Nh5 41. Rgf3 Nhxf4 42. Nxe6 Nxe6 43. e5 Bb8 44. Bc1 Ra4 45. Rg3 Ba7 46. Bxh6 g6 47. Be3 c5 48. dxc5 d4 49. Bxd4 Nxd4 50. Qxd4 Rxe5 51. Qc3 Bb8 52. Bc2 Rh5 53. Re1 Re5 54. Rxe5 Bxe5 55. Re3 f6 56. Bxa4 bxa4 57. Qd3 Kg7 58. b5 a3 59. Qxa3 Qxb5 60. Re1 Qc4 61. Qe3 Qh4 62. g3 Qc4 63. Rd1 Qa4 64. Qd3 Kh6 65. Qd2+ g5 66. Qd5 Qc2 67. c6 Qe2 68. Qd3 Qf2 69. Rf1 Qc5 70. Qe4 Qd6 71. Kg2 Qd8 72. Rf2 Qd6 73. Rc2 Qd8 74. h4 gxh4 75. Qxh4+ Kg7 76. Qg4+ Kh6 77. Qd7 Qa8 78. Qh3+ Kg6 79. Qg4+ Kh6 80. Kh3 Qa1 81. Qh4+ Kg6 82. Qe4+ f5 83. Qf3 Bc7 84. Re2 Kf6 85. Kg2 Qa4 86. Qd5 Qa6 87. Re6+ Kg5 88. Qd2+ 1-0

[Event "RUS-chT Premier 2021"]
[White "Kobalia,Mikhail"]
[Black "Makarian,Rudik"]
[WhiteTeam "Гоголевский, 14"]
[BlackTeam "Школа М. Ботвинника"]
[Site "Sochi"]
[Round "1.15"]
[Annotator "ChessBase"]
[Result "1-0"]
[Date "2021.05.01"]
[WhiteElo "2587"]
[BlackElo "2468"]
[PlyCount "105"]
[TimeControl "60"]

1. e4 e5 2. Nf3 Nc6 3. Bb5 a6 4. Ba4 Nf6 5. 0-0 Nxe4 6. d4 b5 7. Bb3 d5 8. dxe5 Be6 9. Qe2 Qd7 10. Rd1 Bc5 11. Be3 0-0 12. Nbd2 Qe7 13. Nxe4 dxe4 14. Bxc5 Qxc5 15. Qxe4 h6 16. Bxe6 fxe6 17. Rd7 Rf7 18. Rd3 Qc4 19. Qxc4 bxc4 20. Rc3 Rf4 21. g3 Rxf3 22. Rxf3 Nd4 23. Kg2 Nxf3 24. Kxf3 Rb8 25. b3 Rb5 26. Re1 cxb3 27. cxb3 Rc5 28. Re4 Kf7 29. Rc4 Rxe5 30. Rxc7+ Kf6 31. b4 a5 32. a3 axb4 33. axb4 Re1 34. b5 Rb1 35. Rb7 Rb3+ 36. Ke4 Rb2 37. Ke3 Rb3+ 38. Ke4 Rb2 39. Rb8 Kg6 40. Ke3 Rb3+ 41. Kd4 Rf3 42. b6 Rxf2 43. Re8 Rb2 44. Rxe6+ Kf5 45. Rc6 h5 46. h3 g5 47. Rh6 h4 48. gxh4 gxh4 49. Kc5 Kg5 50. Rh7 Rb3 51. b7 Kg6 52. Rd7 Kf5 53. Rd5+ 1-0

[Event "RUS-chT Premier 2021"]
[White "Afanasiev,Nikita"]
[Black "Tregubov,Pavel V."]
[WhiteTeam "Школа М. Ботвинника"]
[BlackTeam "Гоголевский, 14"]
[Site "Sochi"]
[Round "1.16"]
[Annotator "ChessBase"]
[Result "1-0"]
[Date "2021.05.01"]
[WhiteElo "2529"]
[BlackElo "2560"]
[PlyCount "107"]
[TimeControl "60"]

1. Nf3 Nf6 2. g3 c5 3. Bg2 Nc6 4. 0-0 e5 5. e4 g6 6. c3 d6 7. d4 cxd4 8. cxd4 Bg4 9. d5 Nd4 10. Be3 Bg7 11. Nbd2 0-0 12. Qb1 Nd7 13. Bg5 f6 14. Be3 Nxf3+ 15. Bxf3 Bh3 16. Bg2 Bxg2 17. Kxg2 f5 18. f3 Rc8 19. Qd3 Nc5 20. Bxc5 Rxc5 21. Rac1 Rxc1 22. Rxc1 Bh6 23. exf5 gxf5 24. Rc2 Qd7 25. Nc4 Rc8 26. b3 Rc5 27. a4 a6 28. Kf1 Rc7 29. Nb6 Qf7 30. a5 e4 31. Rxc7 exd3 32. Rxf7 Kxf7 33. Nc8 Bd2 34. Nxd6+ Kf6 35. Nc4 Bc3 36. Kf2 Bd4+ 37. Ke1 Bc3+ 38. Kd1 h5 39. h3 Ke7 40. g4 hxg4 41. hxg4 fxg4 42. fxg4 Kf6 43. d6 Ke6 44. g5 Kd7 45. g6 Ke6 46. Kc1 Kd7 47. Nd2 Bg7 48. Ne4 Bh6+ 49. Kd1 Ke6 50. Ng3 Bg5 51. g7 Kf7 52. Nf5 Bd8 53. d7 Bxa5 54. Nd6+ 1-0

[Event "RUS-chT Premier 2021"]
[White "Murzin,Volodar"]
[Black "Kukhmazov,Arsen"]
[WhiteTeam "Гоголевский, 14"]
[BlackTeam "Школа М. Ботвинника"]
[Site "Sochi"]
[Round "1.17"]
[Annotator "ChessBase"]
[Result "1/2-1/2"]
[Date "2021.05.01"]
[WhiteElo "2478"]
[BlackElo "2451"]
[PlyCount "119"]
[TimeControl "60"]

1. e4 c6 2. Nf3 d5 3. exd5 cxd5 4. Ne5 Nc6 5. Bb5 Bd7 6. Bxc6 bxc6 7. d4 e6 8. 0-0 Nf6 9. c4 dxc4 10. Nc3 Be7 11. Qe2 0-0 12. Qxc4 Rb8 13. b3 Nd5 14. Ne4 Be8 15. Rd1 Qb6 16. Qd3 f6 17. Nc4 Qc7 18. Qh3 Bf7 19. Bd2 c5 20. dxc5 Bxc5 21. Rac1 Bb6 22. Nxb6 Qxb6 23. Nc5 Rbc8 24. Be3 Rfe8 25. Qg3 Bg6 26. h4 Qc7 27. Qh3 Qe5 28. Bd4 Nf4 29. Bxe5 Nxh3+ 30. gxh3 fxe5 31. Rd7 a5 32. Rc4 Bf5 33. Nb7 Rxc4 34. bxc4 Rb8 35. Kh2 Kf8 36. Kg3 a4 37. a3 Rc8 38. Nd6 Rc6 39. h5 h6 40. f3 Bd3 41. Nf7 Bxc4 42. Nxe5 Rc5 43. Ng6+ Ke8 44. Rxg7 Rxh5 45. h4 Rc5 46. Ra7 Bb5 47. Nf4 Bd7 48. Nd3 Rd5 49. Nf2 Bc6 50. Rc7 Bd7 51. Ne4 Kd8 52. Rc3 Ke7 53. Kf4 Rh5 54. Kg3 Rd5 55. Kg4 Rf5 56. Rc7 Kd8 57. Rc3 Ke7 58. Rc7 Kd8 59. Rc4 Ke7 60. Rc7 1/2-1/2

[Event "RUS-chT Premier 2021"]
[White "Vetokhin,Savva"]
[Black "Demidov,Mikhail"]
[WhiteTeam "Школа М. Ботвинника"]
[BlackTeam "Гоголевский, 14"]
[Site "Sochi"]
[Round "1.18"]
[Annotator "ChessBase"]
[Result "0-1"]
[Date "2021.05.01"]
[WhiteElo "2261"]
[BlackElo "2523"]
[PlyCount "90"]
[TimeControl "60"]

1. e4 c6 2. d4 d5 3. e5 Bf5 4. Nd2 e6 5. Nb3 Nd7 6. Nf3 a6 7. Be2 c5 8. dxc5 Bxc5 9. 0-0 Ne7 10. Bf4 0-0 11. Bd3 Rc8 12. Qe2 Bxd3 13. cxd3 Ng6 14. Bg3 Ba7 15. Rac1 Qb6 16. Rfe1 Qb4 17. h3 h6 18. Kf1 Qa4 19. Rxc8 Rxc8 20. Rc1 Rxc1+ 21. Nxc1 Nb8 22. b3 Qa3 23. Qd2 Nc6 24. Ne2 d4 25. Qc2 Kh7 26. Kg1 Bb6 27. Kh2 Nge7 28. Bf4 Nb4 29. Qc4 Nec6 30. Nexd4 Nxd4 31. Nxd4 Nd5 32. Be3 Bxd4 33. Qxd4 Qxa2 34. Qe4+ Kg8 35. Qc4 b5 36. Qc8+ Kh7 37. Qf8 Kg6 38. h4 Qe2 39. d4 Qg4 40. Qd8 Kh5 41. g3 Nxe3 42. fxe3 Qe2+ 43. Kh3 Qf1+ 44. Kh2 Kg4 45. Qa8 Qh3+ 0-1

[Event "RUS-chT Premier 2021"]
[White "Yuffa,Daniil"]
[Black "Faizrakhmanov,Ramil"]
[WhiteTeam "Wildberries Молодёжка"]
[BlackTeam "Ладья"]
[Site "Sochi"]
[Round "1.24"]
[Annotator "ChessBase"]
[Result "0-1"]
[Date "2021.05.01"]
[WhiteElo "2584"]
[BlackElo "2477"]
[PlyCount "88"]
[TimeControl "60"]

1. d4 Nf6 2. c4 e6 3. Nf3 d5 4. Bg5 dxc4 5. e4 c5 6. Nc3 cxd4 7. Nxd4 Be7 8. Bxc4 0-0 9. 0-0 a6 10. a4 b6 11. e5 Nfd7 12. Bf4 Bc5 13. b4 Bxb4 14. Ne4 Be7 15. Qg4 Bb7 16. Bh6 g6 17. Nxe6 fxe6 18. Bxe6+ Kh8 19. Rad1 Bxe4 20. Qxe4 Ra7 21. Ba2 Qe8 22. Bxf8 Qxf8 23. f4 Nc5 24. Qc2 Nc6 25. f5 Nb4 26. Qc4 Nxa2 27. f6 Nxa4 28. fxe7 Qxe7 29. Kh1 N2c3 30. Rd6 Rc7 31. Qd4 Nb5 32. Rd8+ Kg7 33. Qd5 Qg5 34. Qg8+ Kh6 35. Qf8+ Rg7 36. e6 Nc5 37. Re8 Nc7 38. Rb8 N5xe6 39. Qf2 b5 40. h4 Qe5 41. Qf3 Nd4 42. Qg4 Nce6 43. Re8 Rc7 44. Rd1 Rc3 0-1

[Event "RUS-chT Premier 2021"]
[White "Petrov,Nikita"]
[Black "Artemiev,Vladislav"]
[WhiteTeam "Школа М. Ботвинника"]
[BlackTeam "Ладья"]
[Site "Sochi"]
[Round "2.1"]
[Annotator "ChessBase"]
[Result "1/2-1/2"]
[Date "2021.05.02"]
[WhiteElo "2567"]
[BlackElo "2709"]
[PlyCount "80"]
[TimeControl "60"]

1. d4 d5 2. c4 e6 3. Nf3 c5 4. cxd5 exd5 5. Nc3 Nc6 6. dxc5 d4 7. Na4 Bxc5 8. Nxc5 Qa5+ 9. Qd2 Qxc5 10. e3 dxe3 11. Qxe3+ Qxe3+ 12. Bxe3 Nf6 13. Bc4 0-0 14. 0-0 Re8 15. Rac1 Be6 16. Bxe6 Rxe6 17. Nd4 Nxd4 18. Bxd4 b6 19. Bxf6 Rxf6 20. Rfd1 g6 21. Kf1 Kg7 22. Rd2 Re8 23. Rc7 a5 24. g3 g5 25. h3 Re4 26. Rcd7 Kg6 27. R7d6 Rb4 28. b3 Rxd6 29. Rxd6+ f6 30. g4 h6 31. Kg2 b5 32. Rb6 a4 33. bxa4 Rxa4 34. Rxb5 Rxa2 35. Rb6 Ra3 36. Rc6 Rd3 37. Ra6 Rc3 38. Rb6 Rd3 39. Ra6 Rb3 40. Rc6 Rd3 1/2-1/2

[Event "RUS-chT Premier 2021"]
[White "Oparin,Grigoriy"]
[Black "Zakhartsov,Vladimir"]
[WhiteTeam "Ладья"]
[BlackTeam "Школа М. Ботвинника"]
[Site "Sochi"]
[Round "2.2"]
[Annotator "ChessBase"]
[Result "1-0"]
[Date "2021.05.02"]
[WhiteElo "2652"]
[BlackElo "2486"]
[PlyCount "151"]
[TimeControl "60"]

1. d4 d5 2. Nf3 Nf6 3. c4 dxc4 4. e3 e6 5. Bxc4 c5 6. 0-0 a6 7. a4 Nc6 8. Nc3 Be7 9. Qe2 cxd4 10. exd4 Nxd4 11. Nxd4 Qxd4 12. Rd1 Qh4 13. Be3 Bd7 14. Rd4 Qh5 15. Qxh5 Nxh5 16. g4 Nf6 17. g5 Ng8 18. b4 Bxb4 19. Bxe6 Bxe6 20. Rxb4 Ne7 21. Rxb7 Nd5 22. Nxd5 Bxd5 23. Rb6 0-0 24. Rc1 f6 25. h4 fxg5 26. hxg5 Rf7 27. a5 Be4 28. Rd6 Bf3 29. Rc2 Rb7 30. Kh2 Bh5 31. Kg3 Be8 32. f4 Rb3 33. Kf2 Rb7 34. f5 Bd7 35. Rc5 Bb5 36. Bd4 Rd7 37. Rxd7 Bxd7 38. Kg3 Rc8 39. Rd5 Bb5 40. Kf4 Kf7 41. Rd6 Rc7 42. Rb6 Bd3 43. Rd6 Rc1 44. Rd7+ Ke8 45. Rd5 Rf1+ 46. Kg4 Be2+ 47. Kg3 Rf3+ 48. Kg2 Rf4 49. Re5+ Kd7 50. Be3 Rb4 51. f6 gxf6 52. gxf6 Bc4 53. Re7+ Kd6 54. Bf4+ Kc6 55. f7 Bxf7 56. Rxf7 h5 57. Rf6+ Kb7 58. Be3 Rb5 59. Bb6 Rg5+ 60. Kf3 Rg7 61. Be3 Rc7 62. Rb6+ Ka7 63. Rh6+ Kb7 64. Ke4 h4 65. Kd5 h3 66. Rxh3 Rd7+ 67. Kc4 Rc7+ 68. Bc5 Ka8 69. Kd5 Kb7 70. Bd6 Rg7 71. Rb3+ Ka8 72. Kc6 Rg8 73. Rh3 Rg6 74. Rh8+ Ka7 75. Rh7+ Ka8 76. Rd7 1-0

[Event "RUS-chT Premier 2021"]
[White "Makarian,Rudik"]
[Black "Timofeev,Artyom"]
[WhiteTeam "Школа М. Ботвинника"]
[BlackTeam "Ладья"]
[Site "Sochi"]
[Round "2.3"]
[Annotator "ChessBase"]
[Result "1/2-1/2"]
[Date "2021.05.02"]
[WhiteElo "2468"]
[BlackElo "2594"]
[PlyCount "82"]
[TimeControl "60"]

1. d4 d5 2. c4 e6 3. Nf3 c6 4. b3 Bd6 5. g3 f5 6. Bg2 Nf6 7. 0-0 0-0 8. Ba3 Bxa3 9. Nxa3 Bd7 10. Nc2 Be8 11. Nce1 Bh5 12. Nd3 Bxf3 13. exf3 Nbd7 14. Qe1 Re8 15. Qc3 Rc8 16. Rfe1 c5 17. dxc5 Nxc5 18. Nxc5 Rxc5 19. Qd4 b6 20. cxd5 Rxd5 21. Qc4 Rd4 22. Qc6 Rd6 23. Qc4 Rd4 24. Qc6 Rd6 25. Qa4 Qd7 26. Qxd7 Rxd7 27. Bf1 Rd6 28. Rac1 Kf7 29. Rc2 Nd5 30. Bc4 Nb4 31. Rce2 Nc6 32. Bb5 Red8 33. Bxc6 Rxc6 34. Kg2 Kf6 35. f4 Rd3 36. h4 h5 37. Kh2 b5 38. Kg2 a6 39. Kh2 Rd5 40. Kg2 a5 41. Kf1 Kf7 1/2-1/2

[Event "RUS-chT Premier 2021"]
[White "Makhmutov,Rail"]
[Black "Afanasiev,Nikita"]
[WhiteTeam "Ладья"]
[BlackTeam "Школа М. Ботвинника"]
[Site "Sochi"]
[Round "2.4"]
[Annotator "ChessBase"]
[Result "0-1"]
[Date "2021.05.02"]
[WhiteElo "2450"]
[BlackElo "2529"]
[PlyCount "72"]
[TimeControl "60"]

1. d4 Nf6 2. c4 g6 3. Nc3 d5 4. cxd5 Nxd5 5. e4 Nxc3 6. bxc3 Bg7 7. Nf3 c5 8. Bb5+ Nd7 9. 0-0 a6 10. Be2 0-0 11. a4 Nf6 12. Qd3 b6 13. Bf4 cxd4 14. cxd4 Bb7 15. Nd2 Ne8 16. Be3 Nd6 17. Rfb1 b5 18. axb5 axb5 19. Rxa8 Qxa8 20. Bf3 Rc8 21. h4 Nc4 22. h5 Qa4 23. Nb3 Nxe3 24. Qxe3 Qb4 25. Rd1 Rc3 26. Rd3 Bh6 27. Rxc3 Bxe3 28. Rxe3 Kg7 29. hxg6 hxg6 30. g3 g5 31. Kh2 Bc8 32. Kg1 Qa3 33. Be2 b4 34. Bc4 Bg4 35. Kg2 Qb2 36. e5 Bd1 0-1

[Event "RUS-chT Premier 2021"]
[White "Kukhmazov,Arsen"]
[Black "Samusenko,Maksim"]
[WhiteTeam "Школа М. Ботвинника"]
[BlackTeam "Ладья"]
[Site "Sochi"]
[Round "2.5"]
[Annotator "ChessBase"]
[Result "1/2-1/2"]
[Date "2021.05.02"]
[WhiteElo "2451"]
[BlackElo "2467"]
[PlyCount "100"]
[TimeControl "60"]

1. d4 Nf6 2. c4 d6 3. Nf3 g6 4. g3 Bg7 5. Bg2 0-0 6. 0-0 c6 7. Nc3 Qa5 8. e4 e5 9. h3 Nbd7 10. Qc2 exd4 11. Nxd4 Nb6 12. b3 Nxe4 13. Nxe4 Bxd4 14. Bd2 Qe5 15. Bf4 Qg7 16. Rad1 Bf5 17. Qd2 Bxe4 18. Bxe4 Bc3 19. Qxd6 Rfe8 20. Bf3 Be5 21. Bxe5 Qxe5 22. c5 Qxd6 23. Rxd6 Nc8 24. Rd7 Rb8 25. Rfd1 Kf8 26. R1d4 Re7 27. Rd8+ Re8 28. Kg2 h5 29. Be4 Rxd8 30. Rxd8+ Ke7 31. Rh8 Ra8 32. f4 Kf6 33. Rd8 Ke6 34. Rd4 Rb8 35. Kf2 b6 36. Bxc6 bxc5 37. Rd8 Ke7 38. Re8+ Kd6 39. Be4 Rb4 40. Kf3 Kd7 41. Re5 Nd6 42. Bd3 Rd4 43. Ke3 Kc6 44. Rg5 a5 45. h4 Rd5 46. f5 gxf5 47. Be2 Re5+ 48. Kd3 Rd5+ 49. Ke3 Re5+ 50. Kd3 Rd5+ 1/2-1/2

[Event "RUS-chT Premier 2021"]
[White "Faizrakhmanov,Ramil"]
[Black "Vetokhin,Savva"]
[WhiteTeam "Ладья"]
[BlackTeam "Школа М. Ботвинника"]
[Site "Sochi"]
[Round "2.6"]
[Annotator "ChessBase"]
[Result "1/2-1/2"]
[Date "2021.05.02"]
[WhiteElo "2477"]
[BlackElo "2261"]
[PlyCount "106"]
[TimeControl "60"]

1. d4 Nf6 2. c4 e6 3. Nf3 d5 4. Nc3 Bb4 5. Qa4+ Nc6 6. e3 0-0 7. Bd2 dxc4 8. Bxc4 Bd6 9. Rd1 e5 10. dxe5 Nxe5 11. Nxe5 Bxe5 12. h3 Qe7 13. Qc2 Be6 14. Bd3 Rfd8 15. 0-0 Qd7 16. Be1 Qc6 17. f4 Bxc3 18. Bxc3 Bc4 19. Bxf6 Rxd3 20. Rxd3 Bxd3 21. Qxc6 bxc6 22. Rd1 Bc4 23. Bd4 Bxa2 24. Bxa7 Bd5 25. Bd4 f6 26. Kf2 Kf7 27. Bc3 h5 28. Rd4 f5 29. g4 hxg4 30. hxg4 g6 31. g5 Ke6 32. Rd1 c5 33. Be5 c6 34. Rc1 c4 35. Kg3 Ra7 36. Bd4 Ra6 37. Rd1 Ra8 38. Kf2 Ra2 39. Ke2 Ra5 40. Kd2 Ra6 41. Kc3 Ra5 42. Rc1 Ra8 43. Rc2 Ra1 44. Kb4 Rb1 45. Kc5 Rd1 46. Rc3 Rd3 47. Ra3 Rb3 48. Ra5 Rb5+ 49. Rxb5 cxb5 50. Kxb5 Kf7 51. Kc5 Be6 52. Bf6 Kg8 53. Kd6 Kf7 1/2-1/2

[Event "RUS-chT Premier 2021"]
[White "Truskavetsky,Alexandr"]
[Black "Motylev,Alexander"]
[WhiteTeam "Киммерия"]
[BlackTeam "Гоголевский, 14"]
[Site "Sochi"]
[Round "2.7"]
[Annotator "ChessBase"]
[Result "0-1"]
[Date "2021.05.02"]
[WhiteElo "2387"]
[BlackElo "2641"]
[PlyCount "92"]
[TimeControl "60"]

1. d4 Nf6 2. Nf3 d5 3. c4 e6 4. g3 Bb4+ 5. Bd2 Be7 6. Bg2 0-0 7. 0-0 Nbd7 8. Qc2 c6 9. Bf4 a5 10. Rd1 h6 11. Nc3 dxc4 12. e4 a4 13. a3 Qa5 14. Qe2 Qa6 15. d5 exd5 16. exd5 Re8 17. dxc6 bxc6 18. Nd4 Bf8 19. Qf3 Nc5 20. Qxc6 Bg4 21. Re1 Rec8 22. Qxa6 Rxa6 23. Ndb5 Rd8 24. Nc7 Rb6 25. N7d5 Nxd5 26. Bxd5 Rxb2 27. Bxc4 Rc2 28. Rac1 Rxc1 29. Bxc1 Nb3 30. Nxa4 Nd4 31. Kg2 Bf3+ 32. Kh3 g5 33. g4 h5 34. gxh5 g4+ 35. Kg3 Bd6+ 36. Kh4 Bc6 37. Bg5 Rb8 38. Rd1 Nf3+ 39. Kxg4 Ne5+ 40. Kf5 Nxc4 41. Nc3 Bd7+ 42. Ke4 Re8+ 43. Kd4 Nb2 44. Rg1 Bxh2 45. Rg2 Be5+ 46. Kd5 Be6+ 0-1

[Event "RUS-chT Premier 2021"]
[White "Goryachkina,Aleksandra"]
[Black "Musalov,Ruslan"]
[WhiteTeam "Гоголевский, 14"]
[BlackTeam "Киммерия"]
[Site "Sochi"]
[Round "2.8"]
[Annotator "ChessBase"]
[Result "1-0"]
[Date "2021.05.02"]
[WhiteElo "2593"]
[BlackElo "2359"]
[PlyCount "115"]
[TimeControl "60"]

1. d4 d5 2. c4 e6 3. Nc3 Nf6 4. cxd5 exd5 5. Bg5 Nbd7 6. e3 h6 7. Bf4 a6 8. Bd3 c5 9. dxc5 Nxc5 10. Nge2 Be7 11. 0-0 0-0 12. Rc1 Be6 13. Nd4 Qd7 14. Bb1 Rac8 15. h3 b5 16. a3 Nce4 17. Nxe6 Qxe6 18. Ne2 Rxc1 19. Qxc1 Rc8 20. Qd1 Bf8 21. Nd4 Qb6 22. Be5 Nd7 23. Qg4 Rd8 24. Bf4 Ndf6 25. Qe2 Rc8 26. Rd1 g6 27. Ba2 Kh7 28. Qf3 Re8 29. Nc2 a5 30. Nd4 Bg7 31. Qe2 b4 32. Qc2 Nc5 33. Rc1 Bf8 34. a4 Qb7 35. Nb5 Qd7 36. Bc7 Nb7 37. Bb6 Re6 38. Bd4 Bc5 39. Bxf6 Rxf6 40. Rd1 Rf5 41. Qd2 Nd6 42. Nxd6 Qxd6 43. Bxd5 Qe5 44. Bf3 Ba7 45. Qd7 Bxe3 46. Rd5 Qg3 47. Rxf5 Qxf2+ 48. Kh2 Qg1+ 49. Kg3 Qf2+ 50. Kh2 Qg1+ 51. Kg3 Qf2+ 52. Kg4 gxf5+ 53. Kh5 Kg7 54. Bd5 Qg3 55. Qxf7+ Kh8 56. Qf8+ Kh7 57. Qxf5+ Kh8 58. Qf8+ 1-0

[Event "RUS-chT Premier 2021"]
[White "Alexeev,Alexey"]
[Black "Kobalia,Mikhail"]
[WhiteTeam "Киммерия"]
[BlackTeam "Гоголевский, 14"]
[Site "Sochi"]
[Round "2.9"]
[Annotator "ChessBase"]
[Result "0-1"]
[Date "2021.05.02"]
[WhiteElo "2243"]
[BlackElo "2587"]
[PlyCount "112"]
[TimeControl "60"]

1. e4 c6 2. d4 d5 3. e5 Bf5 4. Nf3 e6 5. Be2 Ne7 6. 0-0 Nd7 7. Nbd2 Bg6 8. Nb3 Nf5 9. Bd2 Rc8 10. Rc1 Be7 11. g4 Nh6 12. h3 0-0 13. Be3 f6 14. exf6 Rxf6 15. g5 Rxf3 16. Bxf3 Bxg5 17. Qd2 Nf7 18. Bg4 Qf6 19. Rce1 Re8 20. Bxg5 Nxg5 21. f4 Ne4 22. Qg2 Nb6 23. c3 Nc4 24. Nc5 Ncd2 25. Nxe4 Nxe4 26. Bf3 Rf8 27. Bxe4 Bxe4 28. Qg5 Qf7 29. Kh2 Qd7 30. Re3 Rf5 31. Qh4 Rf6 32. Rg3 Bg6 33. Rg5 Qf7 34. Re5 Be4 35. Qg3 h6 36. Rf2 Kh8 37. Qh4 Kg8 38. Kg1 b6 39. a3 c5 40. Qh5 Qxh5 41. Rxh5 cxd4 42. cxd4 Bf5 43. Rf3 Kh7 44. Rc3 Kg6 45. Rh4 Rf8 46. Kf2 h5 47. Rc7 a5 48. Rb7 Kh6 49. Rxb6 Rc8 50. Kg3 Rc1 51. Rb8 g6 52. Rh8+ Kg7 53. Ra8 Rb1 54. Rxa5 Rxb2 55. Ra7+ Kf6 56. Ra4 Be4 0-1

[Event "RUS-chT Premier 2021"]
[White "Murzin,Volodar"]
[Black "Babakekhyan,Artem"]
[WhiteTeam "Гоголевский, 14"]
[BlackTeam "Киммерия"]
[Site "Sochi"]
[Round "2.10"]
[Annotator "ChessBase"]
[Result "1-0"]
[Date "2021.05.02"]
[WhiteElo "2478"]
[BlackElo "2214"]
[PlyCount "59"]
[TimeControl "60"]

1. e4 c5 2. Nf3 d6 3. d4 cxd4 4. Qxd4 Nc6 5. Qe3 Nf6 6. Be2 g6 7. 0-0 Bg7 8. Rd1 Ng4 9. Qb3 Be6 10. Qxb7 Na5 11. Qa6 Qc7 12. h3 Ne5 13. Nxe5 Bxe5 14. Bd2 Nc4 15. Bxc4 Bxc4 16. Qa4+ Kf8 17. Bc3 Rb8 18. Bxe5 dxe5 19. Rd7 Qc8 20. Rxa7 Kg7 21. Qa3 Rd8 22. Nc3 Rd2 23. Qxe7 Be6 24. Qg5 Rxc2 25. Qxe5+ Kg8 26. Rc7 Qd8 27. Nd5 Rxc7 28. Nxc7 Rb6 29. Nd5 Bxd5 30. exd5 1-0

[Event "RUS-chT Premier 2021"]
[White "Pervakov,Sergey"]
[Black "Savchenko,Boris"]
[WhiteTeam "Киммерия"]
[BlackTeam "Гоголевский, 14"]
[Site "Sochi"]
[Round "2.11"]
[Annotator "ChessBase"]
[Result "0-1"]
[Date "2021.05.02"]
[WhiteElo "2056"]
[BlackElo "2552"]
[PlyCount "66"]
[TimeControl "60"]

1. e4 c5 2. a3 e6 3. b4 cxb4 4. axb4 Bxb4 5. Bb2 Bf8 6. Ra3 Nc6 7. Rg3 Nf6 8. e5 Ne4 9. Re3 Qb6 10. Ba3 d5 11. Bxf8 Rxf8 12. c3 Qb2 13. f3 Nc5 14. d4 Na4 15. Ne2 Bd7 16. Nf4 Na5 17. Be2 Rc8 18. 0-0 Nxc3 19. Nxc3 Rxc3 20. Rxc3 Qxc3 21. Nh5 Nb3 22. Nxg7+ Ke7 23. Kh1 Nxd4 24. Bd3 Rg8 25. Nh5 Rg5 26. f4 Rxh5 27. Qxh5 Qxd3 28. Qg5+ Kf8 29. Qd8+ Be8 30. Qd6+ Kg7 31. Ra1 Bc6 32. h4 Qg6 33. Ra3 Nb5 0-1

[Event "RUS-chT Premier 2021"]
[White "Shubin,Kirill"]
[Black "Matlakov,Maxim"]
[WhiteTeam "СШОР"]
[BlackTeam "Медный всадник"]
[Site "Sochi"]
[Round "2.13"]
[Annotator "ChessBase"]
[Result "1/2-1/2"]
[Date "2021.05.02"]
[WhiteElo "2466"]
[BlackElo "2688"]
[PlyCount "82"]
[TimeControl "60"]

1. e4 c5 2. Nf3 d6 3. Bb5+ Nd7 4. Ba4 Ngf6 5. 0-0 e6 6. d3 Be7 7. c4 0-0 8. Nc3 Qc7 9. Qe2 a6 10. h3 b6 11. Nh2 Bb7 12. f4 Bc6 13. Bxc6 Qxc6 14. a4 Ne8 15. f5 Bf6 16. Bd2 Bd4+ 17. Kh1 Ne5 18. Rf4 Nf6 19. g4 Nfd7 20. Raf1 Bxc3 21. Bxc3 b5 22. f6 Nxf6 23. g5 Nfd7 24. Qh5 f6 25. Bxe5 Nxe5 26. Rh4 h6 27. gxf6 Qe8 28. Qe2 bxc4 29. dxc4 Rxf6 30. Rxf6 gxf6 31. Rf4 Ra7 32. Rxf6 Kg7 33. Rf1 Kh7 34. Ng4 Nxg4 35. hxg4 Qg6 36. Rf2 Rg7 37. Rg2 Rf7 38. e5 dxe5 39. Qxe5 Qg5 40. Qxg5 hxg5 41. Re2 Rf4 1/2-1/2

[Event "RUS-chT Premier 2021"]
[White "Alekseenko,Kirill"]
[Black "Lobanov,Sergei"]
[WhiteTeam "Медный всадник"]
[BlackTeam "СШОР"]
[Site "Sochi"]
[Round "2.14"]
[Annotator "ChessBase"]
[Result "1/2-1/2"]
[Date "2021.05.02"]
[WhiteElo "2696"]
[BlackElo "2520"]
[PlyCount "86"]
[TimeControl "60"]

1. e4 e5 2. Nf3 Nc6 3. Bb5 a6 4. Ba4 Bc5 5. c3 Ba7 6. d4 Nf6 7. 0-0 0-0 8. d5 Ne7 9. Nxe5 d6 10. Nf3 Nxe4 11. Bc2 Nf6 12. c4 b5 13. b3 bxc4 14. bxc4 c6 15. Bg5 cxd5 16. Bxf6 gxf6 17. cxd5 Qa5 18. Nbd2 Bg4 19. h3 Bh5 20. Re1 Nxd5 21. Nb3 Qb6 22. Qxd5 Qxf2+ 23. Kh1 Bxf3 24. Qxf3 Qxc2 25. Re4 Qf2 26. Qd3 Rfe8 27. Nd4 Bxd4 28. Rxd4 Re1+ 29. Rxe1 Qxe1+ 30. Kh2 Qe5+ 31. Qg3+ Kf8 32. Rxd6 Ke7 33. Rb6 a5 34. a4 Rg8 35. Qxe5+ fxe5 36. Ra6 h5 37. Rxa5 Ke6 38. Ra6+ Kf5 39. Rb6 Ra8 40. Rb4 e4 41. g3 Rd8 42. a5 Rd2+ 43. Kg1 e3 1/2-1/2

[Event "RUS-chT Premier 2021"]
[White "Usmanov,Vasily"]
[Black "Esipenko,Andrey"]
[WhiteTeam "СШОР"]
[BlackTeam "Медный всадник"]
[Site "Sochi"]
[Round "2.15"]
[Annotator "ChessBase"]
[Result "0-1"]
[Date "2021.05.02"]
[WhiteElo "2447"]
[BlackElo "2701"]
[PlyCount "84"]
[TimeControl "60"]

1. c4 Nf6 2. Nc3 e5 3. Nf3 Nc6 4. e4 Bb4 5. d3 d6 6. a3 Bxc3+ 7. bxc3 0-0 8. g3 Nd7 9. Nh4 a6 10. a4 Nc5 11. Bg2 Na5 12. Be3 Bd7 13. 0-0 b5 14. axb5 axb5 15. cxb5 Bxb5 16. c4 Bd7 17. Nf5 Ne6 18. Qg4 Kh8 19. f4 Nc6 20. Rxa8 Qxa8 21. fxe5 Nxe5 22. Qe2 Qa6 23. d4 Qxc4 24. Qb2 Nd3 25. Qa1 f6 26. Rd1 Nb4 27. Rc1 Qb5 28. d5 Nc5 29. Bxc5 dxc5 30. Qc3 Qb8 31. Ra1 Bxf5 32. exf5 Qb6 33. Qc4 Re8 34. Kh1 Qd6 35. g4 h6 36. h3 Re3 37. Qb5 Kh7 38. Rc1 Nd3 39. Rf1 Qg3 40. d6 Nf2+ 41. Rxf2 Qxf2 42. dxc7 Re1+ 0-1

[Event "RUS-chT Premier 2021"]
[White "Fedoseev,Vladimir"]
[Black "Pershin,Denis"]
[WhiteTeam "Медный всадник"]
[BlackTeam "СШОР"]
[Site "Sochi"]
[Round "2.16"]
[Annotator "ChessBase"]
[Result "1-0"]
[Date "2021.05.02"]
[WhiteElo "2687"]
[BlackElo "2391"]
[PlyCount "57"]
[TimeControl "60"]

1. Nf3 d5 2. g3 g6 3. Bg2 Bg7 4. d4 Nf6 5. 0-0 0-0 6. c4 c6 7. Qa4 Qb6 8. Nc3 Qa6 9. Qxa6 Nxa6 10. cxd5 cxd5 11. Bf4 Rd8 12. Rfc1 Bd7 13. Ne5 Be8 14. Nd3 Rac8 15. e3 Nc7 16. a4 e6 17. Nc5 Bc6 18. b4 b6 19. Bxc7 Rxc7 20. Nxe6 fxe6 21. Nb5 Bxb5 22. Rxc7 Bc4 23. Rxa7 Bf8 24. a5 Rb8 25. a6 Bd6 26. Bh3 Ne8 27. Bxe6+ Kh8 28. Bd7 Bxb4 29. Rb7 1-0